General information
- name: BNet
- type: Ladder team game (AT/RT)
- host: Battle.net
- saver: ThisGoblinJukes
map: GoldRush
- players: 8
- length: 44:05
- speed: Fast
- version: 1.29 W3XP
- replay type: Public
» download(372 KB)
Players
team 1 (winner)

»
SoG]DarkSky (
blue | 63 APM | 2741 actions | 43:13)
6 Archmage
3 Summon Water Elemental
2 Brilliance Aura
1 Mass Teleport
5 Mountain King
3 Storm Bolt
2 Bash
» actions
| Assign group hotkey | 236 | |
| Basic commands | 134 | |
| Build / train | 123 | |
| Enter build submenu | 38 | |
| Enter hero's abilities submenu | 11 | |
| Give item / drop item | 4 | |
| Right click | 555 | |
| Select / deselect | 445 | |
| Select group hotkey | 1086 | |
| Use ability | 109 | |
2741 total
» units
| Peasant | 25 | |
| Footman | 1 | |
| Rifleman | 26 | |
| Forest Troll Berserker | 1 | |
| Forest Troll Shadow Priest | 1 | |
| Priest | 9 | |
63 total
» upgrades
| Masonry | 3 | |
| Gunpowder | 3 | |
| Long Rifles | 1 | |
| Lumber Harvesting | 2 | |
| Priest Training | 2 | |
| Plating | 3 | |
| Animal War Training | 1 | |
| Swords | 2 | |
| Armor | 1 | |
18 total
» buildings
| Altar of Kings | 1 | |
| Farm | 19 | |
| Scout Tower | 13 | |
| Arcane Tower | 4 | |
| Blacksmith | 1 | |
| Barracks | 2 | |
| Town Hall | 2 | |
| Lumber Mill | 1 | |
| Arcane Vault | 2 | |
| Guard Tower | 10 | |
| Keep | 1 | |
| Arcane Sanctum | 3 | |
| Castle | 2 | |
| Workshop | 2 | |
63 total
» build order
00:08 Altar of Kings
00:24 Farm
01:03 Scout Tower
01:14 Farm
01:31 Arcane Tower
01:31 Arcane Tower
02:34 Blacksmith
02:36 Barracks
02:57 Farm
03:21 Town Hall
04:01 Lumber Mill
04:21 Arcane Vault
04:27 Scout Tower
04:28 Scout Tower
04:29 Scout Tower
04:31 Farm
04:42 Farm
04:43 Farm
05:15 Guard Tower
05:19 Arcane Tower
05:45 Guard Tower
05:46 Guard Tower
06:01 Keep
06:24 Farm
06:25 Farm
06:27 Farm
06:28 Farm
07:21 Barracks
08:11 Farm
08:12 Farm
10:18 Arcane Sanctum
10:25 Arcane Sanctum
10:27 Arcane Sanctum
12:24 Castle
12:24 Castle
12:54 Town Hall
14:35 Scout Tower
14:36 Scout Tower
14:37 Scout Tower
14:38 Farm
14:39 Farm
14:40 Farm
14:42 Farm
15:14 Guard Tower
15:33 Guard Tower
15:34 Guard Tower
15:46 Scout Tower
15:47 Scout Tower
15:50 Scout Tower
15:50 Scout Tower
15:54 Arcane Tower
17:41 Guard Tower
17:47 Guard Tower
17:47 Guard Tower
17:55 Guard Tower
20:02 Arcane Vault
24:14 Farm
25:29 Workshop
25:30 Workshop
38:57 Farm
39:33 Farm
40:19 Scout Tower
40:42 Scout Tower
» items
| Scroll of Regeneration | 4 | |
| Lesser Clarity Potion | 1 | |
| Potion of Healing | 3 | |
| Scroll of Town Portal | 1 | |
9 total

»
RockyRaccoon (
green | 58 APM | 1696 actions | 29:11)
4 Death Knight
2 Death Coil
2 Death Pact
3 Dreadlord
2 Carrion Swarm
1 Sleep
» actions
| Assign group hotkey | 37 | |
| Build / train | 68 | |
| ESC pressed | 2 | |
| Enter build submenu | 24 | |
| Enter hero's abilities submenu | 7 | |
| Right click | 591 | |
| Select / deselect | 333 | |
| Select group hotkey | 534 | |
| Use ability | 100 | |
1696 total
» units
| Acolyte | 8 | |
| Ghoul | 5 | |
| Crypt Fiend | 8 | |
| Necromancer | 9 | |
| Frost Wyrm | 4 | |
34 total
» upgrades
| Creature Carapace | 3 | |
| Creature Attack | 3 | |
| Web | 1 | |
| Necromancer Training | 2 | |
| Skeletal Mastery | 1 | |
10 total
» buildings
| Ziggurat | 7 | |
| Crypt | 1 | |
| Graveyard | 1 | |
| Altar of Darkness | 1 | |
| Tomb of Relics | 1 | |
| Nerubian Tower | 1 | |
| Halls of the Dead | 1 | |
| Spirit Tower | 4 | |
| Temple of the Damned | 1 | |
| Black Citadel | 1 | |
| Sacrificial Pit | 1 | |
| Boneyard | 3 | |
| Necropolis | 1 | |
24 total
» build order
00:14 Ziggurat
00:17 Crypt
00:40 Graveyard
01:01 Altar of Darkness
01:30 Ziggurat
02:43 Tomb of Relics
03:15 Ziggurat
03:23 Nerubian Tower
06:15 Halls of the Dead
06:45 Ziggurat
07:17 Spirit Tower
08:04 Ziggurat
08:52 Temple of the Damned
08:55 Black Citadel
08:58 Sacrificial Pit
09:47 Ziggurat
10:38 Spirit Tower
11:45 Boneyard
11:46 Boneyard
12:38 Boneyard
13:23 Ziggurat
15:46 Spirit Tower
15:51 Spirit Tower
21:26 Necropolis
» items
| Rod of Necromancy | 1 | |
| Scroll of Regeneration | 3 | |
| Lesser Clarity Potion | 2 | |
| Orb of Fire | 1 | |
| Scroll of Town Portal | 1 | |
8 total
ThisGoblinJukes (
yellow | 49 APM | 2179 actions | 44:05)
8 Archmage
3 Summon Water Elemental
3 Brilliance Aura
1 Mass Teleport
1 Blizzard
» actions
| Assign group hotkey | 71 | |
| Basic commands | 250 | |
| Build / train | 99 | |
| Enter build submenu | 55 | |
| Enter hero's abilities submenu | 8 | |
| Give item / drop item | 5 | |
| Right click | 776 | |
| Select / deselect | 479 | |
| Select group hotkey | 296 | |
| Use ability | 140 | |
2179 total
» units
| Peasant | 30 | |
| Footman | 4 | |
| Gryphon Rider | 11 | |
45 total
» upgrades
| Masonry | 3 | |
| Lumber Harvesting | 2 | |
| Swords | 3 | |
| Armor | 4 | |
| Animal War Training | 1 | |
| Storm Hammers | 1 | |
| Cloud | 1 | |
15 total
» buildings
| Altar of Kings | 1 | |
| Barracks | 1 | |
| Farm | 10 | |
| Scout Tower | 36 | |
| Arcane Tower | 2 | |
| Keep | 1 | |
| Lumber Mill | 2 | |
| Arcane Vault | 2 | |
| Town Hall | 4 | |
| Guard Tower | 8 | |
| Castle | 1 | |
| Gryphon Aviary | 4 | |
| Blacksmith | 2 | |
74 total
» build order
00:49 Altar of Kings
00:51 Barracks
00:53 Farm
00:54 Farm
01:04 Farm
01:39 Scout Tower
02:11 Arcane Tower
03:34 Keep
03:58 Lumber Mill
03:59 Arcane Vault
04:24 Town Hall
04:27 Scout Tower
04:27 Scout Tower
04:28 Scout Tower
05:01 Guard Tower
05:17 Arcane Tower
05:25 Farm
06:23 Scout Tower
06:23 Scout Tower
06:28 Scout Tower
06:29 Scout Tower
06:30 Scout Tower
06:32 Scout Tower
06:35 Scout Tower
06:37 Scout Tower
07:00 Guard Tower
07:13 Guard Tower
07:35 Castle
08:14 Guard Tower
09:44 Gryphon Aviary
09:45 Gryphon Aviary
09:45 Gryphon Aviary
09:46 Gryphon Aviary
09:56 Blacksmith
09:57 Blacksmith
10:01 Farm
10:41 Farm
10:42 Farm
11:47 Farm
13:27 Farm
13:27 Farm
18:03 Town Hall
18:34 Town Hall
18:37 Scout Tower
18:37 Scout Tower
18:38 Scout Tower
18:38 Scout Tower
18:40 Scout Tower
18:40 Scout Tower
18:40 Scout Tower
18:41 Scout Tower
18:45 Arcane Vault
18:49 Scout Tower
18:50 Scout Tower
18:51 Scout Tower
18:52 Scout Tower
19:37 Scout Tower
19:38 Scout Tower
19:39 Scout Tower
19:39 Scout Tower
19:41 Scout Tower
19:42 Scout Tower
19:43 Scout Tower
19:44 Scout Tower
19:45 Scout Tower
19:46 Scout Tower
19:46 Scout Tower
19:47 Scout Tower
19:54 Lumber Mill
20:30 Guard Tower
20:45 Guard Tower
21:05 Guard Tower
21:33 Guard Tower
22:31 Town Hall
» items
| Scroll of Regeneration | 3 | |
| Mechanical Critter | 4 | |
| Scroll of Town Portal | 1 | |
| Potion of Healing | 4 | |
| Staff of Sanctuary | 1 | |
| Potion of Mana | 1 | |
| Lesser Clarity Potion | 1 | |
| Scroll of Protection | 1 | |
| Staff of Teleportation | 1 | |
| Potion of Lesser Invulnerability | 1 | |
18 total
Deafbeing (
pink | 26 APM | 1161 actions | 44:04)
7 Archmage
2 Summon Water Elemental
3 Brilliance Aura
1 Blizzard
1 Mass Teleport
» actions
| Assign group hotkey | 4 | |
| Basic commands | 7 | |
| Build / train | 78 | |
| Enter build submenu | 24 | |
| Enter hero's abilities submenu | 7 | |
| Give item / drop item | 1 | |
| Right click | 630 | |
| Select / deselect | 306 | |
| Select group hotkey | 13 | |
| Use ability | 91 | |
1161 total
» units
| Peasant | 17 | |
| Footman | 8 | |
| Knight | 15 | |
| Priest | 6 | |
| Rifleman | 1 | |
| Spell Breaker | 8 | |
55 total
» upgrades
| Swords | 1 | |
| Plating | 2 | |
| Lumber Harvesting | 1 | |
| Priest Training | 2 | |
| Animal War Training | 1 | |
7 total
» buildings
| Barracks | 2 | |
| Farm | 8 | |
| Altar of Kings | 2 | |
| Lumber Mill | 1 | |
| Arcane Vault | 2 | |
| Keep | 1 | |
| Blacksmith | 1 | |
| Town Hall | 1 | |
| Scout Tower | 1 | |
| Castle | 1 | |
| Guard Tower | 1 | |
| Arcane Sanctum | 1 | |
| Necropolis | 1 | |
23 total
» build order
00:33 Barracks
00:40 Farm
00:57 Altar of Kings
01:20 Farm
02:13 Farm
02:33 Lumber Mill
02:57 Arcane Vault
03:00 Farm
04:11 Keep
06:06 Blacksmith
06:28 Town Hall
06:31 Scout Tower
07:01 Castle
07:04 Altar of Kings
07:13 Guard Tower
08:42 Barracks
08:52 Arcane Sanctum
11:15 Farm
11:48 Arcane Vault
12:30 Farm
13:00 Farm
13:46 Farm
32:16 Necropolis
» items
| Scroll of Regeneration | 2 | |
| Lesser Clarity Potion | 1 | |
| Potion of Healing | 1 | |
| Scroll of Town Portal | 1 | |
5 total
team 2 (loser)

»
PlacentaPUDDLE (
teal | 48 APM | 851 actions | 17:52)
6 Blademaster
3 Wind Walk
3 Critical Strike
» actions
| Assign group hotkey | 14 | |
| Basic commands | 3 | |
| Build / train | 53 | |
| ESC pressed | 1 | |
| Enter build submenu | 15 | |
| Enter hero's abilities submenu | 5 | |
| Give item / drop item | 2 | |
| Remove unit from queue | 1 | |
| Right click | 402 | |
| Select / deselect | 236 | |
| Select group hotkey | 60 | |
| Use ability | 59 | |
851 total
» units
| Peon | 9 | |
| Grunt | 5 | |
| Wind Rider | 4 | |
| Troll Batrider | 3 | |
| Dryad | 4 | |
25 total
» upgrades
| Armor | 2 | |
| Ranged Weapons | 2 | |
| Envenomed Spears | 1 | |
| Strength of the Wild | 1 | |
| Reinforced Hides | 1 | |
| Reinforced Defenses | 1 | |
8 total
» buildings
| Barracks | 1 | |
| Altar of Storms | 1 | |
| Orc Burrow | 5 | |
| War Mill | 1 | |
| Voodoo Lounge | 1 | |
| Watch Tower | 3 | |
| Stronghold | 1 | |
| Fortress | 1 | |
| Beastiary | 3 | |
17 total
» build order
00:13 Barracks
00:19 Altar of Storms
00:26 Orc Burrow
01:42 Orc Burrow
02:03 War Mill
02:38 Voodoo Lounge
03:55 Watch Tower
04:01 Watch Tower
04:05 Watch Tower
05:06 Stronghold
05:26 Orc Burrow
07:42 Fortress
07:49 Beastiary
07:57 Beastiary
08:08 Beastiary
08:21 Orc Burrow
10:13 Orc Burrow
» items
| Healing Salve | 4 | |
| Lesser Clarity Potion | 2 | |
| Boots of Speed | 1 | |
| Scroll of Speed | 1 | |
| Orb of Lightning | 1 | |
| Scroll of Town Portal | 1 | |
10 total

»
MetaWise (
red | 88 APM | 992 actions | 11:18)
3 Priestess of the Moon
2 Trueshot Aura
1 Scout
» actions
| Assign group hotkey | 14 | |
| Basic commands | 60 | |
| Build / train | 49 | |
| ESC pressed | 1 | |
| Enter build submenu | 24 | |
| Enter hero's abilities submenu | 3 | |
| Give item / drop item | 6 | |
| Right click | 364 | |
| Select / deselect | 243 | |
| Select group hotkey | 177 | |
| Use ability | 51 | |
992 total
» units
| Wisp | 22 | |
| Dryad | 5 | |
| Forest Troll Berserker | 1 | |
| Druid of the Claw | 1 | |
29 total
» upgrades
| Ultravision | 1 | |
| Strength of the Wild | 2 | |
| Reinforced Hides | 2 | |
| Nature's Blessing | 1 | |
| Abolish Magic | 1 | |
| Druid of the Claw Training | 1 | |
8 total
» buildings
| Altar of Elders | 1 | |
| Moon Well | 6 | |
| Ancient of War | 3 | |
| Ancient of Wonders | 1 | |
| Hunter's Hall | 1 | |
| Tree of Ages | 2 | |
| Ancient of Lore | 2 | |
| Tree of Life | 1 | |
| Tree of Eternity | 2 | |
19 total
» build order
00:12 Altar of Elders
00:17 Moon Well
01:07 Ancient of War
01:30 Ancient of War
01:30 Ancient of War
01:47 Moon Well
02:14 Ancient of Wonders
02:23 Moon Well
02:58 Hunter's Hall
03:42 Tree of Ages
03:42 Tree of Ages
03:56 Moon Well
06:03 Ancient of Lore
06:06 Ancient of Lore
06:39 Tree of Life
07:08 Moon Well
10:33 Tree of Eternity
10:33 Tree of Eternity
10:40 Moon Well
» items
| Circlet of Nobility | 1 | |
| Lesser Clarity Potion | 1 | |
| Moonstone | 1 | |
3 total
F.UCKUUPSOME (
orange | 127 APM | 5591 actions | 44:04)
6 Archmage
3 Summon Water Elemental
2 Brilliance Aura
1 Mass Teleport
6 Mountain King
3 Storm Bolt
3 Bash
5 Goblin Alchemist
2 Healing Spray
2 Chemical Rage
1 Acid Bomb
» actions
| Assign group hotkey | 96 | |
| Basic commands | 318 | |
| Build / train | 195 | |
| ESC pressed | 13 | |
| Enter build submenu | 96 | |
| Enter hero's abilities submenu | 17 | |
| Give item / drop item | 3 | |
| Right click | 1537 | |
| Select / deselect | 759 | |
| Select group hotkey | 2188 | |
| Use ability | 368 | |
5591 total
» units
| Peasant | 37 | |
| Footman | 4 | |
| Rifleman | 8 | |
| Priest | 5 | |
| Sorceress | 4 | |
| Wisp | 6 | |
| Mortar Team | 4 | |
| Siege Engine | 2 | |
| Spell Breaker | 2 | |
72 total
» upgrades
| Gunpowder | 3 | |
| Masonry | 3 | |
| Armor | 3 | |
| Long Rifles | 1 | |
| Priest Training | 2 | |
| Sorceress Training | 2 | |
| Lumber Harvesting | 2 | |
| Plating | 3 | |
| Well Spring | 1 | |
| Barrage | 1 | |
| Fragmentation Shards | 1 | |
| Flare | 1 | |
| Control Magic | 1 | |
| Swords | 3 | |
| Magic Sentry | 1 | |
| Flak Cannons | 1 | |
| Animal War Training | 1 | |
30 total
» buildings
| Altar of Kings | 1 | |
| Barracks | 2 | |
| Farm | 12 | |
| Arcane Vault | 1 | |
| Keep | 2 | |
| Town Hall | 4 | |
| Scout Tower | 34 | |
| Lumber Mill | 1 | |
| Arcane Tower | 3 | |
| Blacksmith | 1 | |
| Castle | 2 | |
| Guard Tower | 33 | |
| Arcane Sanctum | 2 | |
| Workshop | 1 | |
| Ancient Protector | 17 | |
| Moon Well | 4 | |
| Tree of Life | 3 | |
| Tree of Ages | 3 | |
| Altar of Elders | 1 | |
| Hunter's Hall | 1 | |
| Ancient of Wonders | 2 | |
130 total
» build order
00:36 Altar of Kings
00:39 Barracks
00:58 Farm
01:04 Farm
01:37 Farm
01:53 Farm
02:12 Arcane Vault
03:36 Keep
03:36 Keep
04:07 Town Hall
04:10 Scout Tower
04:30 Lumber Mill
04:40 Arcane Tower
05:10 Blacksmith
06:45 Castle
06:45 Castle
06:52 Scout Tower
06:56 Scout Tower
07:13 Scout Tower
07:14 Scout Tower
07:18 Guard Tower
07:19 Guard Tower
07:46 Guard Tower
07:46 Guard Tower
08:09 Guard Tower
08:09 Guard Tower
08:09 Guard Tower
08:12 Scout Tower
08:13 Scout Tower
08:28 Scout Tower
08:53 Guard Tower
09:30 Guard Tower
09:33 Guard Tower
10:05 Arcane Sanctum
10:10 Arcane Sanctum
12:01 Scout Tower
12:03 Scout Tower
12:04 Scout Tower
12:20 Farm
12:21 Farm
12:36 Guard Tower
12:36 Guard Tower
12:57 Guard Tower
12:58 Guard Tower
14:09 Town Hall
14:10 Scout Tower
14:11 Scout Tower
14:12 Scout Tower
14:13 Scout Tower
15:53 Barracks
17:07 Guard Tower
17:25 Workshop
17:48 Guard Tower
17:49 Guard Tower
17:49 Guard Tower
18:03 Ancient Protector
18:03 Ancient Protector
18:04 Ancient Protector
18:06 Ancient Protector
18:08 Ancient Protector
18:15 Scout Tower
18:16 Scout Tower
18:30 Farm
18:36 Farm
18:37 Farm
18:40 Farm
18:41 Farm
18:50 Guard Tower
18:50 Guard Tower
18:52 Guard Tower
19:04 Ancient Protector
19:05 Ancient Protector
19:08 Ancient Protector
19:09 Ancient Protector
19:10 Ancient Protector
19:20 Guard Tower
19:36 Guard Tower
19:36 Guard Tower
20:06 Scout Tower
20:20 Ancient Protector
20:20 Ancient Protector
20:23 Ancient Protector
20:23 Ancient Protector
20:41 Moon Well
20:42 Moon Well
20:58 Ancient Protector
21:01 Ancient Protector
21:04 Ancient Protector
22:05 Farm
23:36 Tree of Life
23:42 Tree of Life
23:57 Town Hall
23:59 Scout Tower
24:00 Scout Tower
24:01 Scout Tower
24:01 Scout Tower
24:11 Scout Tower
24:50 Guard Tower
24:50 Guard Tower
25:38 Scout Tower
25:39 Scout Tower
25:40 Scout Tower
26:14 Guard Tower
26:14 Guard Tower
31:52 Scout Tower
31:52 Scout Tower
32:10 Scout Tower
32:24 Arcane Tower
32:25 Guard Tower
32:39 Guard Tower
36:29 Town Hall
36:32 Scout Tower
36:32 Scout Tower
36:33 Scout Tower
36:35 Scout Tower
36:39 Scout Tower
37:10 Guard Tower
38:40 Guard Tower
39:16 Arcane Tower
39:21 Guard Tower
40:27 Tree of Life
40:30 Moon Well
40:31 Moon Well
42:39 Tree of Ages
42:39 Tree of Ages
42:39 Tree of Ages
42:43 Altar of Elders
42:45 Hunter's Hall
43:55 Ancient of Wonders
44:00 Ancient of Wonders
» items
| Scroll of Regeneration | 4 | |
| Mechanical Critter | 3 | |
| Boots of Speed | 1 | |
| Periapt of Vitality | 1 | |
| Potion of Lesser Invulnerability | 1 | |
| Scroll of Town Portal | 5 | |
| Staff of Sanctuary | 1 | |
| Orb of Fire | 2 | |
| Ivory Tower | 2 | |
| Potion of Healing | 1 | |
21 total

»
DawgMann (
purple | 39 APM | 659 actions | 16:58)
5 Demon Hunter
3 Evasion
2 Mana Burn
2 Keeper of the Grove
1 Entangling Roots
1 Thorns Aura
1 Priestess of the Moon
1 Scout
» actions
| Build / train | 62 | |
| Enter build submenu | 16 | |
| Enter hero's abilities submenu | 8 | |
| Give item / drop item | 1 | |
| Right click | 283 | |
| Select / deselect | 253 | |
| Use ability | 36 | |
659 total
» units
| Wisp | 22 | |
| Archer | 5 | |
| Forest Troll Shadow Priest | 1 | |
| Dryad | 7 | |
| Druid of the Claw | 2 | |
37 total
» upgrades
| Strength of the Wild | 3 | |
| Reinforced Hides | 3 | |
| Abolish Magic | 1 | |
| Druid of the Claw Training | 3 | |
| Ultravision | 1 | |
| Mark of the Claw | 1 | |
12 total
» buildings
| Altar of Elders | 1 | |
| Moon Well | 5 | |
| Ancient of War | 1 | |
| Tree of Ages | 1 | |
| Hunter's Hall | 1 | |
| Tree of Life | 1 | |
| Ancient of Lore | 4 | |
| Ancient of Wonders | 1 | |
| Tree of Eternity | 1 | |
| Ancient of Wind | 1 | |
17 total
» build order
00:10 Altar of Elders
00:16 Moon Well
00:32 Ancient of War
01:13 Moon Well
03:29 Tree of Ages
03:47 Hunter's Hall
04:21 Tree of Life
05:02 Moon Well
05:54 Ancient of Lore
05:57 Ancient of Lore
06:15 Ancient of Wonders
10:28 Ancient of Lore
10:31 Tree of Eternity
10:34 Ancient of Lore
10:41 Moon Well
10:44 Moon Well
15:58 Ancient of Wind
» items
Chat log
(00:12 / All) ThisGoblinJukes: T.G.I.F.
(00:17 / All) ThisGoblinJukes: Thank Goblin It's Friday
(00:46 / All) RockyRaccoon: hi folks
(00:48 / All) RockyRaccoon: Sup
(01:13 / All) ThisGoblinJukes: BABY, WHY DONT U JUST MEET ME IN THE MIDDLE
(01:17 / All) ThisGoblinJukes: IM LOSING MY MIND JUST A LITTLE
(01:22 / All) ThisGoblinJukes: SO JUST MEET ME IN THE MIDDLE
(02:16 / Allies) ThisGoblinJukes: taking that friends
(08:43 / Allies) SoG]DarkSky: help me u nigger
(11:18 / Allies) RockyRaccoon: group up and hit expo
(11:32 / Allies) ThisGoblinJukes: wood?
(11:35 / Allies) RockyRaccoon: can u build sohp in my base hum
(11:43 / Allies) ThisGoblinJukes: need wood
(12:11 / Allies) ThisGoblinJukes: wood plz
(12:25 / Allies) ThisGoblinJukes: ty
(15:05 / Allies) RockyRaccoon: b
(15:09 / Allies) RockyRaccoon: ?
(15:32 / Allies) RockyRaccoon: B
(18:55 / Allies) ThisGoblinJukes: gold?
(18:56 / Allies) ThisGoblinJukes: wood?
(21:27 / Allies) ThisGoblinJukes: green
(21:32 / Allies) RockyRaccoon: y
(21:47 / Allies) ThisGoblinJukes: charge
(22:25 / Allies) RockyRaccoon: wtf
(22:30 / Allies) RockyRaccoon: go u pussy
(22:54 / Allies) RockyRaccoon: ?
(24:10 / Allies) RockyRaccoon: yellow
(24:12 / Allies) RockyRaccoon: what are u doing
(24:21 / Allies) RockyRaccoon: stop messing around
(24:31 / Allies) Deafbeing: hes a backstabber dude isnt it obviousy
(27:03 / Allies) RockyRaccoon: play the game proerly
(27:07 / Allies) SoG]DarkSky: lol
(27:08 / Allies) RockyRaccoon: u noob
(27:13 / Allies) RockyRaccoon: properly*
(27:30 / Allies) RockyRaccoon: kill them
(27:59 / Allies) Deafbeing: gold for hero ples
(28:16 / Allies) ThisGoblinJukes: Nothing personal, fellas
(28:18 / Allies) ThisGoblinJukes: Just business
(28:19 / Allies) SoG]DarkSky: xDDDDDD
(28:21 / Allies) ThisGoblinJukes: This win is to be repo'd
(28:26 / Allies) SoG]DarkSky: ur not making anyone mad
(28:31 / Allies) SoG]DarkSky: except pink
(28:33 / Allies) SoG]DarkSky: but hes low IQ
(28:42 / Allies) ThisGoblinJukes: Hey, it's not my job to make people mad. Just to repossess their wins
(28:45 / Allies) SoG]DarkSky: lol xD
(32:48 / All) F.UCKUUPSOME: gg noobs
(32:57 / All) SoG]DarkSky: XD
(34:22 / All) ThisGoblinJukes: Oh yeah
(34:25 / All) ThisGoblinJukes: I was gonna get goblin lol
(34:28 / All) SoG]DarkSky: lol
(34:29 / All) ThisGoblinJukes: alchie
(34:46 / All) F.UCKUUPSOME: too bad your team isn't good enough to put up more of a fight an d neither was mine
(34:49 / All) F.UCKUUPSOME: could have 6/6 mk and alch
(34:53 / All) F.UCKUUPSOME: instead just 5/5 and no one to fight
(34:56 / All) F.UCKUUPSOME: shit players
(35:01 / All) SoG]DarkSky: lol
(35:02 / All) SoG]DarkSky: XD
(35:05 / All) F.UCKUUPSOME: XD
(39:09 / All) F.UCKUUPSOME: Hail
(39:15 / All) SoG]DarkSky: hail hitler
(39:23 / All) ThisGoblinJukes: It's cool that air can move and not attacko n ground now
(39:54 / All) ThisGoblinJukes: Tut tut! We have a rapscallion trying to make farms! This will not do!
(40:55 / All) ThisGoblinJukes: cool tree
(41:33 / All) ThisGoblinJukes: This map is very fine indeed for TKing
(41:42 / All) SoG]DarkSky: im a fag too
(41:43 / All) F.UCKUUPSOME: thought you hated gold rush
(41:52 / All) ThisGoblinJukes: For TKing it's very nice
(42:22 / All) F.UCKUUPSOME: the only thing this map needs is goblin labs and marketplaces
(42:35 / All) F.UCKUUPSOME: tough map for lumber
(43:02 / Allies) ThisGoblinJukes: Run runner
(43:33 / All) ThisGoblinJukes: Shall I end it? Pink has lost his ability to type
(43:40 / All) F.UCKUUPSOME: he's a deafbeing
(43:43 / All) F.UCKUUPSOME: doesn't hear anything you say
(43:49 / All) ThisGoblinJukes: Aye, 'tis so
(44:02 / All) ThisGoblinJukes: But certainly he can see the lost screen